 Dungeon Crawl Stone Soup version 0.21-b1-19-g8321a34dda (webtiles) character file.

127 Gargoyl the Skirmisher (level 4, -11/38 HPs)
             Began as a Centaur Abyssal Knight on Jan 4, 2018.
             Was a Believer of Lugonu.
             Mangled by Willow's ghost (12 damage)
             ... on level 3 of the Dungeon.
             The game lasted 00:05:34 (1955 turns).

Gargoyl the Skirmisher (Centaur Abyssal Knight)     Turns: 1955, Time: 00:05:36

Health: -11/38     AC: 15    Str: 15    XL:     4   Next: 85%
Magic:  0/6        EV:  2    Int: 20    God:    Lugonu [**....]
Gold:   125        SH:  0    Dex:  9    Spells: 3/3 levels left

rFire    . . .     SeeInvis .   e - +4 mace "Xosuevao" {holy, MR+ Int+3}
rCold    . . .     Gourm    .   (no shield)
rNeg     . . .     Faith    .   j - +1 plate armour
rPois    .         Spirit   +   m - +2 helmet
rElec    .         Reflect  .   (no cloak)
rCorr    .         Harm     .   d - +1 pair of gloves {archery}
MR       +....                  (no barding)
Stlth    ..........             h - amulet "Feceewna" {Spirit Int+5}
HPRegen  0.12/turn              o - +3 ring of intelligence
MPRegen  0.10/turn              n - -2 ring of intelligence (curse)

@: very quick
A: large, hooves 3, deformed body, speed 2, tough skin 3
a: Depart the Abyss, Bend Space, Renounce Religion


You were on level 3 of the Dungeon.
You worshipped Lugonu.
Lugonu was pleased with you.
You were not hungry.

You visited 1 branch of the dungeon, and saw 3 of its levels.
You visited the Abyss 1 time.

You collected 125 gold pieces.

Inventory:

Hand Weapons
 a - a +1 hand axe
 e - the +4 mace "Xosuevao" (weapon) {holy, MR+ Int+3}
   (You found it on level 4 of the Abyss)

   It has been blessed by the Shining One to cause great damage to the undead
   and demons.
   It affects your intelligence (+3).
   It affects your resistance to hostile enchantments.
Armour
 d - a +1 pair of gloves of archery (worn)
 j - a +1 plate armour (worn)
 m - a +2 helmet (worn)
Jewellery
 h - the amulet "Feceewna" (around neck) {Spirit Int+5}
   (You found it on level 4 of the Abyss)

   [amulet of guardian spirit]

   It causes incoming damage to be split between your health and magic.
   It affects your intelligence (+5).
 n - a cursed -2 ring of intelligence (right hand)
 o - a +3 ring of intelligence (left hand)
Wands
 r - a wand of disintegration (19)
Scrolls
 f - a scroll of enchant weapon
 i - 2 scrolls of teleportation
 k - 2 scrolls of identify
Potions
 b - a potion of mutation {unknown}
 l - a potion of brilliance {unknown}
 p - a potion of lignification {unknown}
 q - a potion of degeneration {unknown}
Comestibles
 c - 13 rations
 g - 4 chunks of flesh


   Skills:
 + Level 3.5 Fighting
 + Level 1.9(2.1) Axes
 + Level 1.1(1.7) Maces & Flails
 * Level 2.6 Armour
 + Level 1.0 Dodging
 * Level 3.1 Invocations


You had 3 spell levels left.
You didn't know any spells.

Dungeon Overview and Level Annotations

Branches:
Dungeon (3/15)

Altars:
The Shining One

Annotations:
D:3 Willow's ghost, amateur HOFi


Innate Abilities, Weirdness & Mutations

You have hooves in place of feet.
Armour fits poorly on your strangely shaped body.
You cover ground very quickly.
You have extremely tough skin. (AC +3)


Message History

Willow's ghost says, "You will never get the ORB!"
Willow's ghost hits you!
You thump Willow's ghost!
Willow's ghost convulses.
Willow's ghost is heavily damaged.
Willow's ghost hits you but does no damage.
Willow's ghost hits you.
You hit Willow's ghost.
Willow's ghost convulses.
Willow's ghost is severely damaged.
Willow's ghost hits you but does no damage.
Your plate armour prevents you from hitting Willow's ghost.
Willow's ghost is severely damaged.
Willow's ghost hits you!
* * * LOW HITPOINT WARNING * * *
You hit Willow's ghost.
Willow's ghost convulses.
Willow's ghost is severely damaged.
Willow's ghost sneers, "Do you call that fighting?"
Willow's ghost hits you!
* * * LOW HITPOINT WARNING * * *
Willow's ghost hits you!
You die...

### ### #.###########.#
#.............#
##.###########.######.#.
..........# #...@W......
.#.######.# #..######.##
.#.#....#.# #...
.#.#.##.#.# #..#. #
######.. .#.#.##.#.#
#..#.# #.####.......
.#.#.##.#.###..#.#
#......###...
.#............(#.#
####.#รท###..#
.#.#.##........#.#
#............
.#<#.##........#.#
#.#....###..#


You could see Willow's ghost.

Vanquished Creatures
  Terence (D:3)
  2 adders
  An adder zombie (D:2)
  2 worms (D:2)
  3 dart slugs
  6 leopard geckos
  An orc (D:2)
  3 giant cockroaches
  3 goblins (D:1)
  7 hobgoblins
  7 jackals
  7 kobolds
  2 quokkas
  6 bats
  5 frilled lizards
  6 rats
  A lurking horror (Abyss:4)
63 creatures vanquished.

Vanquished Creatures (others)
  5 toadstools (D:1)
5 creatures vanquished.

Grand Total: 68 creatures vanquished

Notes
Turn   | Place    | Note
-------+----------+-------------------------------------------
     0 | Abyss:1  | Gargoyl the Centaur Abyssal Knight began the quest for the Orb.
     0 | Abyss:1  | Reached XP level 1. HP: 19/19 MP: 2/2
    60 | Abyss:1  | Found a corrupted altar of Lugonu.
   133 | Abyss:2  | Noticed a large abomination
   168 | Abyss:3  | Noticed a small abomination
   168 | Abyss:3  | Noticed an insubstantial wisp
   168 | Abyss:3  | Noticed an insubstantial wisp
   168 | Abyss:3  | Noticed an insubstantial wisp
   199 | Abyss:4  | Got a polished mace
   202 | Abyss:4  | Identified the +4 mace "Xosuevao" {holy, MR+ Int+3} (You found it on level 4 of the Abyss)
   228 | Abyss:4  | Got a heavily runed golden amulet
   245 | Abyss:4  | Noticed a sixfirhy
   246 | D:1      | Escaped the Abyss
   247 | D:1      | Identified the amulet "Feceewna" {Spirit Int+5} (You found it on level 4 of the Abyss)
   387 | D:1      | Reached * piety under Lugonu
   402 | D:1      | Reached XP level 2. HP: 17/26 MP: 1/3
   703 | D:1      | Found a glowing golden altar of the Shining One.
   998 | D:2      | Reached XP level 3. HP: 25/31 MP: 2/4
  1182 | D:2      | Reached ** piety under Lugonu
  1353 | D:2      | Reached skill level 1 in Dodging
  1353 | D:2      | Reached XP level 4. HP: 30/38 MP: 6/6
  1784 | D:3      | Noticed Terence
  1789 | D:3      | Killed Terence
  1789 | D:3      | Reached skill level 1 in Maces & Flails
  1938 | D:3      | Noticed Willow's ghost (amateur HOFi)
  1955 | D:3      | HP: 1/38 [Willow's ghost (8)]
  1955 | D:3      | Mangled by Willow's ghost

Skill      XL: |  1  2  3  4 |
---------------+-------------+-----
Armour         | 2 |  2.6
Dodging        | 1 |  1.0
Maces & Flails | 1 |  1.1
Invocations    | 3 |  3.1
Fighting       | |  3.5
Axes           | |  1.9

Action                   |  1- 3 |  4- 6 || total
-------------------------+-------+-------++-------
Melee: Mace              |   115 |    46 ||   161
       Kick              |    17 |     8 ||    25
       Hand axe          |     1 |       ||     1
Invok: Depart the Abyss  |     1 |       ||     1
  Use: Scroll            |     6 |       ||     6
       Potion            |     1 |       ||     1
  Eat: Chunk             |     1 |     1 ||     2
Armor: Leather armour    |    10 |       ||    10
       Plate armour      |   133 |    48 ||   181
Dodge: Dodged            |    15 |     6 ||    21
